 Dungeon Crawl Stone Soup version 0.26-a0-708-g17f3b190f9 (webtiles) character file.

Game seed: 17917316211936873592

0 Gargoyl the Skirmisher (level 1, -4/23 HPs)
             Began as a Gnoll Abyssal Knight on Oct 28, 2020.
             Was a Follower of Lugonu.
             Succumbed to barbed spike wounds
             ... on level 2 of the Abyss.
             The game lasted 00:00:17 (90 turns).

Gargoyl the Skirmisher (Gnoll Abyssal Knight)         Turns: 90, Time: 00:00:17

Health: -4/23      AC:  3    Str: 14    XL:     1   Next: 0%
Magic:  3/3        EV: 12    Int: 14    God:    Lugonu [*.....]
Gold:   20         SH:  0    Dex: 14    Spells: 0/0 levels left

rFire    . . .     SeeInvis .   a - +1 hand axe
rCold    . . .     Faith    .   (no shield)
rNeg     . . .     Spirit   .   b - +0 leather armour
rPois    .         Reflect  .   (no helmet)
rElec    .         Harm     .   (no cloak)
rCorr    .         Rampage  .   (no gloves)
MR       .....                  (no boots)
Stlth    +.........             (no amulet)
HPRegen  0.07/turn              (no ring)
MPRegen  0.08/turn              (no ring)

@: brilliant, barbed spikes
A: distributed training, fangs 1, strong nose
a: Depart the Abyss, Renounce Religion


You were on level 2 of the Abyss.
You worshipped Lugonu.
Lugonu was aware of your devotion.
You visited 0 branches of the dungeon, and saw 0 of its levels.
You visited the Abyss 1 time.

You collected 20 gold pieces.

Inventory:

Hand Weapons
 a - a +1 hand axe (weapon)
Armour
 b - a +0 leather armour (worn)


   Skills:
 + Level 6.4 Fighting
 + Level 0.0 Short Blades
 + Level 0.0 Long Blades
 + Level 4.4 Axes
 + Level 0.0 Maces & Flails
 + Level 0.0 Polearms
 + Level 0.0 Staves
 + Level 0.0 Slings
 + Level 0.0 Bows
 + Level 0.0 Crossbows
 + Level 0.0 Throwing
 + Level 4.4 Armour
 + Level 2.3 Dodging
 + Level 0.0 Stealth
 + Level 0.0 Shields
 + Level 0.0 Unarmed Combat
 + Level 0.0 Spellcasting
 + Level 0.0 Conjurations
 + Level 0.0 Hexes
 + Level 0.0 Summonings
 + Level 0.0 Necromancy
 + Level 0.0 Translocations
 + Level 0.0 Transmutations
 + Level 0.0 Fire Magic
 + Level 0.0 Ice Magic
 + Level 0.0 Air Magic
 + Level 0.0 Earth Magic
 + Level 0.0 Poison Magic
 + Level 4.4 Invocations
 + Level 0.0 Evocations


You couldn't memorise any spells.
You didn't know any spells.
Your spell library was empty.

Dungeon Overview and Level Annotations

Branches:
Dungeon (0/15)

Altars:


Innate Abilities, Weirdness & Mutations

Your experience applies equally to all skills.
You have very sharp teeth.
Your uncanny sense of smell can sniff out nearby items.


Message History

As you read the scroll labeled GIAC DENOFEYD, it crumbles to dust.
You feel blessed for a moment.
It was a scroll of remove curse.
Unknown command.
It was a potion of brilliance.
You feel clever all of a sudden.
A worldbinder comes into view.
The worldbinder calls forth creatures from the Shoals!
The manticore flicks its tail.
The volley of spikes hits you!
The barbed spikes become lodged in your body.
Ouch! That really hurt!
The barbs in your skin will harm you if you move.
Continue? [Y]es or [N]o only, please.
The barbs in your skin will harm you if you move.
Continue?
Okay, then.
The barbs in your skin will harm you if you move.
Continue?
The barbed spikes dig painfully into your body as you move.
* * * LOW HITPOINT WARNING * * *
The barbed spikes dig painfully into your body as you move.
You die...

### #.. H. ..# ##
#x#####.. # #. ###
#.#.#.### #..# ..
..###x#..# ##.###.#
#..# ..#H##..#..#.
..##
.##..#.#.#.#....##...
#......#...#..##..
##.##
#@#.......#..#..
#...#####.#.... ..#
#.....$ .#..#.# ..
.....#...##......#.##
#...##...##.#......
.. #.... ....######
#.# #ยง...# . ..+
###. . .#... ..###
##. # # #....##


You could see a manticore (summoned) and a worldbinder.

Vanquished Creatures (others)
  2 starspawn tentacles (Abyss:1)
2 creatures vanquished.

Notes
Turn   | Place    | Note
-------+----------+-------------------------------------------
     0 | Abyss:1  | Gargoyl the Gnoll Abyssal Knight began the quest for the
                  | Orb.
     0 | Abyss:1  | Reached XP level 1. HP: 23/23 MP: 3/3
     1 | Abyss:1  | Found a corrupted altar of Lugonu.
    21 | Abyss:1  | Noticed a tentacled starspawn
    86 | Abyss:2  | Noticed a worldbinder
    87 | Abyss:2  | Noticed a manticore
    87 | Abyss:2  | Noticed a manticore
    90 | Abyss:2  | Succumbed to barbed spike wounds

Illustrated notes

Levels and vault maps discovered:
Abyss:2:  evilmike_abyss_exit_15

Action                   || total
-------------------------++-------
  Use: Scroll            ||     1
       Potion            ||     1

Table legend: (Time is in decaauts)
 A = Elapsed time spent in this place.
 B = Non-inter-level travel time spent in this place.
 C = Inter-level travel time spent in this place.
 D = Time resting spent in this place.
 E = Time spent auto-exploring this place.
 F = Levels seen in this place.
 G = Mean time per level.
                   A        B        C        D        E       F      G
               +--------+--------+--------+--------+--------+-----+--------+
         Total |     89 |     89 |      0 |      0 |     71 |   2 |   44.5 |
         Abyss |     89 |     89 |      0 |      0 |     71 |   2 |   44.5 |
               +--------+--------+--------+--------+--------+-----+--------+

Top non-repeatable levels by time:
 Abyss:2: 58 daAuts
 Abyss:1: 31 daAuts
